 Dungeon Crawl Stone Soup version 0.14-a0-1876-g927fc3a (webtiles) character file.

511 Azealia the Covert (level 6, 0/30 HPs)
             Began as a Spriggan Assassin on Jan 14, 2014.
             Killed by divine providence
             ... invoked by an orc priest
              (14 damage)
             ... on Level 5 of the Dungeon.
             The game lasted 00:28:29 (2914 turns).

Azealia the Covert (Spriggan Assassin)              Turns: 2914, Time: 00:28:29

HP   0/30        AC  3     Str  7      XL: 6   Next:  1%
MP  12/12        EV 19     Int 13      God:
Gold 241         SH  0     Dex 17      Spells:  0 memorised,  5 levels left

rFire  . . .     SeeInvis +     h - +0,+4 dagger (speed)
rCold  . . .     Clarity  .     v - +0 orc robe
rNeg   . . .     Conserve .     (shield restricted)
rPois  .         rCorr    .     (helmet restricted)
rElec  .         rRot     .     d - +0 cloak
SustAb . .       Spirit   .     (gloves unavailable)
rMut   .         Warding  .     (boots unavailable)
Saprov . . .     Stasis   .     (no amulet)
MR     +....                    L - +1 ring of dexterity
                                J - cursed -3 ring of dexterity

@: very quick, somewhat resistant to hostile enchantments, very stealthy
A: unfitting armour, see invisible, herbivore 3, speed 3, slow metabolism 2
a: no special abilities


You were on level 5 of the Dungeon.
You were not hungry.

You visited 1 branch of the dungeon, and saw 5 of its levels.

You collected 241 gold pieces.

Inventory:

Hand weapons
 a - a +2,+2 dagger
 b - a +0 blowgun
 h - a +0,+4 dagger of speed (weapon)
 m - a +0,+0 dwarven dagger
 n - a +0,+0 whip
 s - a -1,+0 orcish short sword
 u - a +0,+0 orcish club
 F - a +1,+0 dwarven dagger
Missiles
 e - 8 poisoned needles
 f - 2 curare-tipped needles
 t - 4 silver darts (quivered)
 w - 15 arrows of frost
Armour
 c - a +0 robe
 d - a +0 cloak (worn)
 v - a +0 orcish robe (worn)
 y - a +0 robe
 G - a +0 naga barding
Comestibles
 i - a meat ration
 l - 5 bread rations
 o - 2 pears
 x - an apple
Scrolls
 j - 4 scrolls of teleportation {unknown}
 k - 3 scrolls of remove curse {unknown}
 p - a scroll of identify {unknown}
 r - a scroll of enchant weapon II {unknown}
 z - 3 scrolls of immolation {unknown}
 A - a scroll of curse weapon {unknown}
 B - a scroll of recharging {unknown}
 C - a scroll of curse armour {unknown}
 H - a scroll of enchant armour {unknown}
 I - a scroll of amnesia {unknown}
 M - a scroll of enchant weapon I {unknown}
 O - 2 scrolls of blinking {unknown}
 P - a scroll of magic mapping {unknown}
Jewellery
 J - a cursed -3 ring of dexterity (left hand)
 L - a +1 ring of dexterity (right hand)
 N - a +2 ring of evasion {unknown}
 Q - an uncursed ring of see invisible {unknown}
Potions
 g - 2 potions of porridge
 q - 3 potions of curing {unknown}
 D - 2 potions of might {unknown}
 E - a potion of resistance {unknown}
 K - a potion of lignification {unknown}
 R - a potion of restore abilities {unknown}


   Skills:
 + Level 2.1 Fighting
 + Level 3.5 Short Blades
 - Level 2.1 Throwing
 + Level 4.0 Dodging
 + Level 9.0 Stealth


You had 5 spell levels left.
You didn't know any spells.

Dungeon Overview and Level Annotations

Branches:
Dungeon (5/16)             Temple (0/1) D:5

Altars:
Elyvilon
Nemelex Xobeh

Shops:
D:4 (

Annotations:
D:2 Sigmund
D:5 Crazy Yiuf


Innate Abilities, Weirdness & Mutations

You are tiny and cannot use many weapons and most armour.
You have supernaturally acute eyesight.
You are a herbivore.
You cover ground extremely quickly.
You need consume almost no food.


Message History

You have reached level 6!
Your experience leads to an increase in your attributes!
Increase (S)trength, (I)ntelligence, or (D)exterity?
You feel agile.
Found 9 gold pieces.
You hear the slow rusting of a distant drain.
You now have 241 gold pieces (gained 9).
An orc wizard comes into view. It is wielding an orcish dagger.
The orc wizard shouts!
An orc wizard opens the door.
Found a staircase to the Ecumenical Temple.
An orc priest comes into view. It is wielding an orcish morningstar.
A hound comes into view.
The hound moves out of view.
An orc comes into view. It is wielding an orcish club.
The orc priest shouts!
The orc shouts!
The orc wizard completely misses you.
The orc priest invokes the aid of Beogh against you.
Something smites you!
You die...

#....#######.#
####.# #.# #.#
#.# #.# #.#
#############.#
#.#
#.............#
#.##
#.#####.#######
#..# #..# ##.#
##@# #.# #o#
#.# #.# #.# #'#
#.# ⌠.⌠ #.#
#.oo# ### #.#
#h.⌠# ..# #.#
###+### #.# #.#
# # #.# #.#


You could see a hound (wandering), an orc priest, an orc wizard and an orc.

Vanquished Creatures
  A crimson imp (D:5)
  An orc wizard (D:5)
  A worker ant (D:4)
  An iguana (D:4)
  An ogre skeleton (D:4)
  A hound skeleton (D:4)
  4 adders
  2 worms
  4 giant geckos
  2 oozes
  3 orcs
  A ball python (D:2)
  2 giant cockroaches
  10 goblins
  10 hobgoblins
  6 bats
  5 giant newts
  A hobgoblin skeleton (D:4)
  7 jackals
  14 kobolds
  3 rats
  2 plants (D:2)
82 creatures vanquished.

Notes
Turn   | Place    | Note
--------------------------------------------------------------
     0 | D:1      | Azealia, the Spriggan Assassin, began the quest for the Orb.
     0 | D:1      | Reached XP level 1. HP: 10/10 MP: 2/2
    53 | D:1      | Reached skill level 6 in Stealth
    99 | D:1      | Reached XP level 2. HP: 10/15 MP: 4/4
   690 | D:2      | Reached skill level 7 in Stealth
   690 | D:2      | Reached XP level 3. HP: 18/18 MP: 6/6
   979 | D:2      | Noticed Sigmund
  1185 | D:2      | Reached skill level 8 in Stealth
  1185 | D:2      | Reached XP level 4. HP: 20/23 MP: 8/8
  1499 | D:1      | You fall through a shaft!
  2367 | D:4      | Reached XP level 5. HP: 21/26 MP: 10/10
  2435 | D:4      | Found a white marble altar of Elyvilon.
  2454 | D:4      | Found a sparkling altar of Nemelex Xobeh.
  2591 | D:4      | Found Qaevaege's Weapon Shop.
  2720 | D:5      | Entered Level 5 of the Dungeon
  2763 | D:5      | Noticed Crazy Yiuf
  2832 | D:5      | Reached skill level 9 in Stealth
  2871 | D:5      | Reached XP level 6. HP: 11/30 MP: 12/12
  2908 | D:5      | Found a staircase to the Ecumenical Temple.
  2914 | D:5      | Killed from afar by an orc priest

Action                   |  1- 3 |  4- 6 || total
-------------------------+-------+-------++-------
Melee: Dagger            |   194 |   214 ||   408
 Stab: Sleeping          |     9 |     6 ||    15
       Distracted        |     1 |     1 ||     2
